| TOP OF THE 1ST |
|
Helena Brewers batting - Pitching for San Francisco (APP) Giants : RHP Rick Madden
|
|
Pitching: RHP Rick Madden
|
|
|
Batting: RHB Nick Cummings
|
0-0: Called Strike 0-1: Called Strike 0-2: Strikes out swinging
|
|
Batting: LHB Gabe Harvey
|
0-0: Ball 1-0: Ground out 1-3 (Groundball, 13S, EV 66.9 MPH)
|
|
Batting: SHB Craig Wright
|
0-0: Swinging Strike 0-1: Swinging Strike 0-2: Ball 1-2: Strikes out swinging
|
| Top of the 1st over - 0 runs, 0 hits, 0 errors, 0 left on base; Helena 0 - San Francisco (APP) 0 |
| BOTTOM OF THE 1ST |
|
San Francisco (APP) Giants batting - Pitching for Helena Brewers : LHP Brian Rich
|
|
Pitching: LHP Brian Rich
|
|
|
Batting: SHB David Barona
|
0-0: Swinging Strike 0-1: Called Strike 0-2: Ball 1-2: Foul Ball, location: 2F 1-2: Foul Ball, location: 2F 1-2: DOUBLE (Flyball, 89XD, EV 103.8 MPH)
|
|
Batting: RHB Frank Pena
|
0-0: Ball 1-0: Ball 2-0: Swinging Strike 2-1: Called Strike 2-2: Strikes out looking
|
|
Batting: RHB Jason Gregor
|
0-0: Swinging Strike 0-1: Called Strike 0-2: Ball 1-2: Ball 2-2: Strikes out swinging
|
|
Batting: RHB Edwin Verdugo
|
0-0: Ball 1-0: Ball 2-0: Ball 3-0: Reached on error, E6 (Groundball, 6, EV 81.3 MPH) David Barona to third
|
|
Batting: RHB Teruhide Horiuchi
|
0-0: Swinging Strike 0-1: Called Strike 0-2: Ball 1-2: Ball 2-2: Fly out, F4 (Line Drive, 4, EV 63.1 MPH)
|
| Bottom of the 1st over - 0 runs, 1 hit, 1 error, 2 left on base; Helena 0 - San Francisco (APP) 0 |
| TOP OF THE 2ND |
|
Helena Brewers batting - Pitching for San Francisco (APP) Giants : RHP Rick Madden
|
|
Batting: RHB Josh Nelson
|
0-0: Swinging Strike 0-1: Fly out, F8 (Flyball, 8RXD, EV 103.8 MPH)
|
|
Batting: LHB Pablo Cardona
|
0-0: Ball 1-0: Called Strike 1-1: Ball 2-1: Called Strike 2-2: Ball 3-2: Base on Balls
|
|
Batting: SHB Robert Sayer
|
0-0: Ball 1-0: Ball Pablo Cardona steals 2nd base 2-0: Called Strike 2-1: Ball 3-1: Called Strike 3-2: Foul Ball, location: 2F 3-2: Ground out 1-3 (Groundball, 25, EV 68.8 MPH)
|
|
Batting: RHB Ben Taylor
|
0-0: Called Strike 0-1: Foul Ball, location: 2F 0-2: Ball 1-2: Foul Ball, location: 2F 1-2: DOUBLE (Line Drive, 8RXD, EV 98.1 MPH) Pablo Cardona scores
|
|
Batting: LHB Umar Matoub
|
0-0: Ball 1-0: Ball 2-0: Called Strike 2-1: Foul Ball, location: 2F 2-2: DOUBLE (Groundball, 3L, EV 97.5 MPH) Ben Taylor scores
|
|
Batting: RHB Dustin Hartman
|
0-0: Ball 1-0: Ground out 5-3 (Groundball, 56S, EV 75.6 MPH)
|
| Top of the 2nd over - 2 runs, 2 hits, 0 errors, 1 left on base; Helena 2 - San Francisco (APP) 0 |
| BOTTOM OF THE 2ND |
|
San Francisco (APP) Giants batting - Pitching for Helena Brewers : LHP Brian Rich
|
|
Batting: RHB Ed Broomhead
|
0-0: Swinging Strike 0-1: Swinging Strike 0-2: SINGLE (Groundball, 6MD, EV 93.8 MPH)
|
|
Batting: RHB Dinand Brouwer
|
0-0: Ball 1-0: Ball 2-0: Ball 3-0: Base on Balls Ed Broomhead to second
|
|
Batting: RHB Sadataka Kuwahara
|
0-0: Ball 1-0: Foul Ball, location: 2F 1-1: Called Strike 1-2: Strikes out swinging
|
|
Batting: RHB Alexis Andrade
|
0-0: Ball 1-0: Ball 2-0: Foul Ball, location: 2F 2-1: Ball 3-1: Called Strike 3-2: Base on Balls Ed Broomhead to third Dinand Brouwer to second
|
|
Batting: SHB David Barona
|
0-0: Fielders Choice at 2nd, 6-4 (Groundball, 6, EV 84.4 MPH) Ed Broomhead scores Dinand Brouwer to third
|
|
Batting: RHB Frank Pena
|
0-0: Foul Ball, location: 2F 0-1: Fielders Choice at 2nd, 6-4 (Groundball, 6MD, EV 84.4 MPH)
|
| Bottom of the 2nd over - 1 run, 1 hit, 0 errors, 2 left on base; Helena 2 - San Francisco (APP) 1 |
| TOP OF THE 3RD |
|
Helena Brewers batting - Pitching for San Francisco (APP) Giants : RHP Rick Madden
|
|
Batting: RHB Nick Cummings
|
0-0: Ball 1-0: Foul Ball, location: 2F 1-1: Ball 2-1: Swinging Strike 2-2: Strikes out swinging
|
|
Batting: LHB Gabe Harvey
|
0-0: Called Strike 0-1: Ball 1-1: Called Strike 1-2: Ground out 5-3 (Groundball, 56, EV 100.0 MPH)
|
|
Batting: SHB Craig Wright
|
0-0: Ball 1-0: Called Strike 1-1: Ball 2-1: Foul Ball, location: 2F 2-2: Strikes out swinging
|
| Top of the 3rd over - 0 runs, 0 hits, 0 errors, 0 left on base; Helena 2 - San Francisco (APP) 1 |
| BOTTOM OF THE 3RD |
|
San Francisco (APP) Giants batting - Pitching for Helena Brewers : LHP Brian Rich
|
|
Batting: RHB Jason Gregor
|
0-0: Called Strike 0-1: SINGLE (Line Drive, 8RS, EV 89.4 MPH)
|
|
Batting: RHB Edwin Verdugo
|
0-0: Grounds into double play, 4-6-3 (Groundball, 4, EV 100.0 MPH)
|
|
Batting: RHB Teruhide Horiuchi
|
0-0: Ground out 6-3 (Groundball, 6, EV 82.5 MPH)
|
| Bottom of the 3rd over - 0 runs, 1 hit, 0 errors, 0 left on base; Helena 2 - San Francisco (APP) 1 |
| TOP OF THE 4TH |
|
Helena Brewers batting - Pitching for San Francisco (APP) Giants : RHP Rick Madden
|
|
Batting: RHB Josh Nelson
|
0-0: Swinging Strike 0-1: Ground out 4-3 (Groundball, 4M, EV 85.6 MPH)
|
|
Batting: LHB Pablo Cardona
|
0-0: Called Strike 0-1: Ball 1-1: Ball 2-1: Ball 3-1: Called Strike 3-2: Foul Ball, location: 2F 3-2: Base on Balls
|
|
Batting: SHB Robert Sayer
|
0-0: Foul Ball, location: 2F 0-1: Fly out, F3 (Line Drive, 3, EV 68.8 MPH) Lined into DP, U3 (Line Drive, 3, EV 68.1 MPH)
|
| Top of the 4th over - 0 runs, 0 hits, 0 errors, 0 left on base; Helena 2 - San Francisco (APP) 1 |
| BOTTOM OF THE 4TH |
|
San Francisco (APP) Giants batting - Pitching for Helena Brewers : LHP Brian Rich
|
|
Batting: RHB Ed Broomhead
|
0-0: Swinging Strike 0-1: Ball 1-1: Ball 2-1: Foul Ball, location: 2F 2-2: Foul Ball, location: 2F 2-2: Foul Ball, location: 2F 2-2: Strikes out looking
|
|
Batting: RHB Dinand Brouwer
|
0-0: Foul Ball, location: 2F 0-1: Foul Ball, location: 2F 0-2: Ball 1-2: Strikes out swinging
|
|
Batting: RHB Sadataka Kuwahara
|
0-0: Ball 1-0: Ball 2-0: Called Strike 2-1: Ball 3-1: Base on Balls
|
|
Batting: RHB Alexis Andrade
|
Balk! Sadataka Kuwahara to second 0-0: Ball 1-0: Swinging Strike 1-1: Ball 2-1: Ball 3-1: Foul Ball, location: 2F 3-2: Base on Balls
|
|
Batting: SHB David Barona
|
0-0: Called Strike 0-1: Ball 1-1: Ball 2-1: Ball 3-1: Called Strike 3-2: Foul Ball, location: 2F 3-2: SINGLE (Line Drive, 78S, EV 103.8 MPH) Sadataka Kuwahara to third Alexis Andrade to second Sadataka Kuwahara scores Alexis Andrade to third
|
|
Pitching: RHP Dave Hotaling
|
|
|
Batting: RHB Frank Pena
|
0-0: Ball Wild Pitch! Alexis Andrade scores David Barona to second 1-0: Ball 2-0: Ground out 5-3 (Groundball, 56, EV 105.0 MPH)
|
| Bottom of the 4th over - 2 runs, 1 hit, 0 errors, 1 left on base; Helena 2 - San Francisco (APP) 3 |
| TOP OF THE 5TH |
|
Helena Brewers batting - Pitching for San Francisco (APP) Giants : RHP Rick Madden
|
|
Batting: RHB Ben Taylor
|
0-0: Foul Ball, location: 2F 0-1: Ball 1-1: Ball 2-1: Called Strike 2-2: Ball 3-2: DOUBLE (Line Drive, 9LS, EV 97.5 MPH) - OUT at third base trying to stretch hit.
|
|
Batting: LHB Umar Matoub
|
0-0: Foul Ball, location: 2F 0-1: Foul Ball, location: 2F 0-2: DOUBLE (Flyball, 8LXD, EV 105.0 MPH)
|
|
Batting: RHB Dustin Hartman
|
0-0: Foul Ball, location: 2F 0-1: Called Strike 0-2: SINGLE (Line Drive, 89M, EV 92.5 MPH) Umar Matoub to third
|
|
Batting: RHB Nick Cummings
|
0-0: Ball 1-0: Called Strike 1-1: Hit by Pitch Dustin Hartman to second
|
|
Batting: LHB Gabe Harvey
|
0-0: Swinging Strike 0-1: Swinging Strike 0-2: Strikes out looking
|
|
Batting: SHB Craig Wright
|
0-0: Fly out, F8 (Line Drive, 8RM, EV 92.5 MPH)
|
| Top of the 5th over - 0 runs, 3 hits, 0 errors, 3 left on base; Helena 2 - San Francisco (APP) 3 |
| BOTTOM OF THE 5TH |
|
San Francisco (APP) Giants batting - Pitching for Helena Brewers : RHP Dave Hotaling
|
|
Batting: RHB Jason Gregor
|
0-0: Ball 1-0: Ball 2-0: Ball 3-0: Called Strike 3-1: Base on Balls
|
|
Batting: RHB Edwin Verdugo
|
0-0: Fly out, F9 (Line Drive, 9, EV 92.5 MPH)
|
|
Batting: RHB Teruhide Horiuchi
|
0-0: Called Strike 0-1: Called Strike Jason Gregor is caught stealing 2nd base 2-4 0-2: Fly out, F7 (Line Drive, 7, EV 96.9 MPH)
|
| Bottom of the 5th over - 0 runs, 0 hits, 0 errors, 0 left on base; Helena 2 - San Francisco (APP) 3 |
| TOP OF THE 6TH |
|
Helena Brewers batting - Pitching for San Francisco (APP) Giants : RHP Rick Madden
|
|
Batting: RHB Josh Nelson
|
0-0: Ball 1-0: Ball 2-0: Foul Ball, location: 2F 2-1: Foul Ball, location: 2F 2-2: Foul Ball, location: 2F 2-2: Foul Ball, location: 2F 2-2: Fly out, F6 (Flyball, 6D, EV 91.9 MPH)
|
|
Batting: LHB Pablo Cardona
|
0-0: Swinging Strike 0-1: Ground out 4-3 (Groundball, 4, EV 88.8 MPH)
|
|
Batting: SHB Robert Sayer
|
0-0: Ball 1-0: Ground out 4-3 (Groundball, 4, EV 105.6 MPH)
|
| Top of the 6th over - 0 runs, 0 hits, 0 errors, 0 left on base; Helena 2 - San Francisco (APP) 3 |
| BOTTOM OF THE 6TH |
|
San Francisco (APP) Giants batting - Pitching for Helena Brewers : RHP Dave Hotaling
|
|
Batting: RHB Ed Broomhead
|
0-0: Ball 1-0: Fly out, F8 (Flyball, 78D, EV 93.8 MPH)
|
|
Batting: RHB Dinand Brouwer
|
0-0: Ball 1-0: Foul Ball, location: 2F 1-1: Foul Ball, location: 2F 1-2: Foul Ball, location: 2F 1-2: Ball 2-2: Fly out, F7 (Line Drive, 7, EV 90.0 MPH)
|
|
Batting: RHB Sadataka Kuwahara
|
0-0: Called Strike 0-1: Swinging Strike 0-2: Ball 1-2: Ball 2-2: Ground out 4-3 (Groundball, 4S, EV 66.3 MPH)
|
| Bottom of the 6th over - 0 runs, 0 hits, 0 errors, 0 left on base; Helena 2 - San Francisco (APP) 3 |
| TOP OF THE 7TH |
|
Helena Brewers batting - Pitching for San Francisco (APP) Giants : RHP Rick Madden
|
|
Batting: RHB Ben Taylor
|
0-0: Ball 1-0: Foul Ball, location: 2F 1-1: Swinging Strike 1-2: Strikes out looking
|
|
Batting: LHB Umar Matoub
|
0-0: Swinging Strike 0-1: Foul Ball, location: 2F 0-2: Foul Ball, location: 2F 0-2: Foul Ball, location: 2F 0-2: Ball 1-2: Ball 2-2: Ball 3-2: Fly out, F3 (Popup, 34, EV 73.1 MPH)
|
|
Batting: RHB Dustin Hartman
|
0-0: Ball 1-0: Ball 2-0: Ball 3-0: Called Strike 3-1: Foul Ball, location: 2F 3-2: Strikes out swinging
|
| Top of the 7th over - 0 runs, 0 hits, 0 errors, 0 left on base; Helena 2 - San Francisco (APP) 3 |
| BOTTOM OF THE 7TH |
|
San Francisco (APP) Giants batting - Pitching for Helena Brewers : RHP Dave Hotaling
|
|
Batting: RHB Alexis Andrade
|
0-0: Called Strike 0-1: Ball 1-1: Ground out 4-3 (Groundball, 4, EV 98.1 MPH)
|
|
Batting: SHB David Barona
|
0-0: Ball 1-0: Ball 2-0: Called Strike 2-1: Foul Ball, location: 2F 2-2: Ball 3-2: Fly out, F7 (Line Drive, 7, EV 90.6 MPH)
|
|
Batting: RHB Frank Pena
|
0-0: SINGLE (Line Drive, 4M, EV 94.4 MPH)
|
|
Batting: RHB Jason Gregor
|
0-0: Ball Frank Pena is caught stealing 2nd base 2-4
|
| Bottom of the 7th over - 0 runs, 1 hit, 0 errors, 0 left on base; Helena 2 - San Francisco (APP) 3 |
| TOP OF THE 8TH |
|
Helena Brewers batting - Pitching for San Francisco (APP) Giants : RHP Rick Madden
|
|
Pitching: RHP Hiroaki Yazawa
|
|
|
Batting: SHB Mike Williams
|
0-0: Ball 1-0: Ground out 4-3 (Groundball, 4, EV 90.6 MPH)
|
|
Batting: LHB Gabe Harvey
|
0-0: Swinging Strike 0-1: Ball 1-1: Ball 2-1: Foul Ball, location: 2F 2-2: Foul Ball, location: 2F 2-2: Ball 3-2: Strikes out swinging
|
|
Batting: SHB Craig Wright
|
0-0: Ball 1-0: Ball 2-0: Ball 3-0: Swinging Strike 3-1: Foul Ball, location: 2F 3-2: Strikes out swinging
|
| Top of the 8th over - 0 runs, 0 hits, 0 errors, 0 left on base; Helena 2 - San Francisco (APP) 3 |
| BOTTOM OF THE 8TH |
|
San Francisco (APP) Giants batting - Pitching for Helena Brewers : RHP Dave Hotaling
|
|
Pitching: RHP Guillermo Delgado
|
|
|
Batting: RHB Jason Gregor
|
0-0: Called Strike 0-1: Foul Ball, location: 2F 0-2: Foul Ball, location: 2F 0-2: Ball 1-2: Ball 2-2: Strikes out swinging
|
|
Batting: RHB Edwin Verdugo
|
0-0: Called Strike 0-1: Ball 1-1: Ball 2-1: Foul Ball, location: 2F 2-2: Hit by Pitch
|
|
Batting: RHB Teruhide Horiuchi
|
0-0: Ball Edwin Verdugo steals 2nd base 1-0: Swinging Strike 1-1: SINGLE (Groundball, 56D, EV 97.5 MPH) Edwin Verdugo to third
|
|
Batting: RHB Ed Broomhead
|
0-0: Foul Ball, location: 2F 0-1: Fly out, F8 (Flyball, 8RD, EV 101.3 MPH)
|
|
Batting: RHB Dinand Brouwer
|
0-0: Called Strike 0-1: Ball 1-1: Ground out 6-3 (Groundball, 6M, EV 106.9 MPH)
|
| Bottom of the 8th over - 0 runs, 1 hit, 0 errors, 2 left on base; Helena 2 - San Francisco (APP) 3 |
| TOP OF THE 9TH |
|
Helena Brewers batting - Pitching for San Francisco (APP) Giants : RHP Hiroaki Yazawa
|
|
Pitching: LHP Gil Longoria
|
|
|
Batting: RHB Josh Nelson
|
0-0: Swinging Strike 0-1: Swinging Strike 0-2: Strikes out swinging
|
|
Pinch Hitting: RHB Dustin Pryor
|
0-0: Called Strike 0-1: Foul Ball, location: 2F 0-2: Ball 1-2: Foul Ball, location: 2F 1-2: Foul Ball, location: 2F 1-2: Strikes out swinging
|
|
Batting: SHB Robert Sayer
|
0-0: Ball 1-0: Ball 2-0: Called Strike 2-1: Ball 3-1: Foul Ball, location: 2F 3-2: Base on Balls
|
|
Batting: RHB Ben Taylor
|
0-0: Fielders Choice at 2nd, 6-4 (Groundball, 6, EV 83.8 MPH)
|
| Top of the 9th over - 0 runs, 0 hits, 0 errors, 1 left on base; Helena 2 - San Francisco (APP) 3 |
|